 Dungeon Crawl Stone Soup version 0.28-a0-1002-gf00fe891ef (webtiles) character file.

Game seed: 494239978583677673

2235 Armakuni the Cruncher (level 9, -1/68 HPs)
             Began as a Human Gladiator on Dec 6, 2021.
             Was a Follower of Vehumet.
             Slain by a wyvern (14 damage)
             ... on level 8 of the Dungeon.
             The game lasted 00:17:30 (8104 turns).

Armakuni the Cruncher (Human Gladiator)             Turns: 8104, Time: 00:17:31

Health: -1/68      AC:  7    Str: 15    XL:     9   Next: 62%
Magic:  9/9        EV: 12    Int: 13    God:    Vehumet [*.....]
Gold:   198        SH:  0    Dex: 14    Spells: 7/8 levels left

rFire   . . .      SeeInvis +   a - +0 quarterstaff
rCold   . . .      Faith    .   (shield currently unavailable)
rNeg    . . .      Spirit   .   m - +2 leather armour {rPois}
rPois   +          Reflect  .   c - +0 helmet
rElec   .          Harm     .   d - +0 cloak
rCorr   .          Rampage  .   (no gloves)
Will    .....                   (no boots)
Stlth   +.........              (no amulet)
HPRegen 0.21/turn               I - ring of see invisible
MPRegen 0.11/turn               (no ring)

@: no status effects
A: no striking features
a: Renounce Religion


You were on level 8 of the Dungeon.
You worshipped Vehumet.
Vehumet was aware of your devotion.
You visited 2 branches of the dungeon, and saw 9 of its levels.

You collected 249 gold pieces.
You spent 51 gold pieces at shops.

Inventory:

Hand Weapons
 a - a +0 quarterstaff (weapon)
Armour
 b - a +0 buckler
 c - a +0 helmet (worn)
 d - a +0 cloak (worn)
 m - a +2 leather armour of poison resistance (worn)
Jewellery
 I - a ring of see invisible (left hand)
 U - an amulet of faith
Scrolls
 f - 2 scrolls of vulnerability
 h - 2 scrolls of teleportation
Potions
 i - a potion of curing
 l - a potion of haste


   Skills:
 - Level 5.0 Fighting
 + Level 11.6 Staves
 - Level 2.0 Throwing
 - Level 3.0 Dodging


You had 7 spell levels left.
You knew the following spells:

 Your Spells              Type           Power      Damage    Failure   Level
a - Apportation           Tloc           0%         N/A       36%         1

Your spell library contained the following spells:

 Spells                   Type           Power      Damage    Failure   Level
 Foxfire                  Conj/Fire      0%         2x1d4     36%         1
 Animate Skeleton         Necr           0%         N/A       36%         1
 Summon Small Mammal      Summ           0%         N/A       36%         1
 Ignite Poison            Fire/Tmut/Pois 0%         N/A       75%         3
 Mephitic Cloud           Conj/Pois/Air  0%         N/A       75%         3
 Airstrike                Air            0%         N/A       98%         4
 Fulminant Prism          Conj/Hex       0%         3d6       98%         4
 Iskenderun's Mystic Bla  Conj/Tloc      0%         2d3       98%         4
 Summon Lightning Spire   Summ/Air       0%         N/A       98%         4
 Freezing Cloud           Conj/Ice/Air   0%         6-21      100%        5
 Lee's Rapid Deconstruct  Erth           0%         3d5*      100%        5
 Lightning Bolt           Conj/Air       0%         1d11      100%        5
 Malign Gateway           Summ/Tloc      0%         N/A       100%        7
 Summon Horrible Things   Summ           0%         N/A       100%        8


Dungeon Overview and Level Annotations

Branches:
Dungeon (8/15)             Temple (1/1) D:4
   Lair: D:8-11

Altars:
Cheibriados
Dithmenos
Fedhas
Gozag
Hepliaklqana
Kikubaaqudgha
Makhleb
Nemelex Xobeh
Ru
Sif Muna
Trog
Uskayaw
Vehumet
Wu Jian
Xom
Yredelemnul
The Shining One

Shops:
D:1 [:*   D:3 (   D:4 (**

Annotations:
D:7 1 runed translucent door, 2 transporters, exclusion: oklob plant, casual's ghost, novice DjCj


Message History

You thump the bullfrog!
The bullfrog is almost dead.
The bullfrog hits you!
You hit the bullfrog.
The bullfrog is almost dead.
The bullfrog hits you.
You barely miss the bullfrog.
The bullfrog is almost dead.
The bullfrog hits you.
You sock the bullfrog!
You kill the bullfrog!
Vehumet accepts your kill.
You see here a bullfrog corpse.
Found a stone staircase leading down.
The wyvern hisses angrily.
The wyvern bites you!
You barely miss the wyvern. The wyvern barely misses you.
You hit the wyvern but do no damage. The wyvern bites you!
You hit the wyvern.
The wyvern is lightly wounded.
The wyvern bites you but does no damage.
You hit the wyvern.
The wyvern is lightly wounded.
The wyvern bites you!
You are too injured to fight recklessly!
You are too injured to fight recklessly!
Okay, then.
Unknown command.
You closely miss the wyvern.
The wyvern is lightly wounded.
The wyvern bites you!
You completely miss the wyvern.
The wyvern is lightly wounded.
The wyvern bites you!
* * * LOW HITPOINT WARNING * * *
Okay, then.
You thump the wyvern!
The wyvern is heavily wounded.
The wyvern bites you!
You die...

******** *⌠,,,,.#* *,,≈≈≈,.*
#############
*,≈≈≈≈≈.###>........†.#
*∩≈≈≈≈≈...l@....#.###.##### *
*,≈≈≈≈≈...#.###...# #.....#
******,,≈≈≈..#.#.# ###.###.###.#
,,,,,*⌠,,...*#.#.# #.........#
*******#####*#<#.# ###.#####.##
########).(###.#.# #.# #...
............##.#.# #.# #.#.
.##########.##.#.#######.# #.#.
.#<9u$Bc.c#.#...<........#####.#.


You could see a wyvern.

Vanquished Creatures
  Sigmund (D:2)
  A water moccasin (D:5)
  Duvessa (D:5)
  An orc warrior (D:5)
  A black bear (D:4)
  A hornet zombie (D:7)
  3 ogres
  A centaur (D:5)
  2 bullfrogs
  A kobold brigand (D:8)
  A scorpion (D:5)
  A gnoll sergeant (D:8)
  Dowan (D:5)
  A water moccasin skeleton (D:5)
  A howler monkey (D:5)
  3 wights (D:7)
  A bullfrog zombie (D:6)
  A centaur zombie (D:6)
  4 hounds
  2 orc priests
  A jelly (D:6)
  An iguana (D:5)
  4 orc wizards
  A killer bee zombie (D:7)
  A hound skeleton (D:5)
  6 gnolls
  9 adders
  A shadow imp (D:6)
  A white imp (D:6)
  2 ufetubi
  4 worms
  4 dart slugs
  16 orcs
  4 bats
  3 endoplasms
  2 giant cockroaches
  11 goblins
  4 hobgoblins
  3 jackals (D:1)
  9 kobolds
  2 quokkas
  6 ball pythons
  4 frilled lizards
  3 rats
131 creatures vanquished.

Notes
Turn   | Place    | Note
-------+----------+-------------------------------------------
     0 | D:1      | Armakuni the Human Gladiator began the quest for the Orb.
     0 | D:1      | Reached XP level 1. HP: 16/16 MP: 1/1
    93 | D:1      | Found Ytughez's General Store.
   118 | D:1      | Reached XP level 2. HP: 20/22 MP: 2/2
   329 | D:1      | Found Bubb's Book Shop.
   389 | D:1      | Reached XP level 3. HP: 26/28 MP: 3/3
   571 | D:1      | Found Pehoz's Antique Armour Boutique.
  1099 | D:2      | Reached XP level 4. HP: 31/35 MP: 4/4
  1126 | D:2      | Reached skill level 4 in Staves
  1991 | D:2      | Noticed Sigmund
  2001 | D:2      | Killed Sigmund
  2002 | D:2      | Reached skill level 5 in Staves
  2002 | D:2      | Reached XP level 5. HP: 43/43 MP: 5/5
  2002 | D:2      | Reached XP level 6. HP: 49/49 MP: 6/6
  2427 | D:2      | Found a faded altar of an unknown god.
  2499 | D:3      | Learned a level 1 spell: Apportation
  2513 | D:3      | Found a hazy altar of Hepliaklqana.
  2556 | D:3      | Found a blossoming altar of Fedhas.
  2557 | D:3      | Found a bloodstained altar of Trog.
  2773 | D:3      | Found Zadev's Weapon Shop.
  3206 | D:4      | Found Itoiqiurr's Assorted Antiques.
  3388 | D:4      | Reached skill level 5 in Fighting
  3393 | D:4      | Noticed an ogre
  3405 | D:4      | Killed an ogre
  3406 | D:4      | Reached skill level 6 in Staves
  3406 | D:4      | Reached XP level 7. HP: 56/56 MP: 7/7
  3417 | D:4      | Found Himmerha's Assorted Antiques.
  3429 | D:4      | Bought a scroll labelled KOK HYOS SUE for 27 gold pieces
  3512 | D:4      | Found a staircase to the Ecumenical Temple.
  3528 | Temple   | Entered the Ecumenical Temple
  3535 | Temple   | Became a worshipper of Vehumet
  3601 | D:4      | Found Hisogud's Weapon Boutique.
  3868 | D:4      | Found a shimmering altar of Xom.
  4296 | D:4      | Bought a brown potion for 24 gold pieces
  4302 | D:5      | Entered Level 5 of the Dungeon
  4322 | D:5      | Reached skill level 7 in Staves
  4531 | D:5      | Noticed a water moccasin
  4550 | D:5      | Killed a water moccasin
  4551 | D:5      | Reached XP level 8. HP: 23/62 MP: 8/8
  4772 | D:5      | Reached skill level 8 in Staves
  4925 | D:5      | Noticed Dowan
  4974 | D:5      | Killed Dowan
  5386 | D:6      | Found an opulent altar of Gozag.
  5391 | D:6      | Found a snail-covered altar of Cheibriados.
  5398 | D:6      | Found a shadowy altar of Dithmenos.
  5405 | D:5      | Noticed Duvessa
  5451 | D:4      | Reached skill level 9 in Staves
  5893 | D:5      | Killed Duvessa
  5895 | D:5      | Reached XP level 9. HP: 25/68 MP: 9/9
  5898 | D:5      | Reached * piety under Vehumet
  5898 | D:5      | Offered knowledge of Foxfire by Vehumet.
  5899 | D:5      | Reached skill level 10 in Staves
  6857 | D:7      | Noticed casual's ghost (novice DjCj)
  6864 | D:7      | Noticed an unseen horror
  6865 | D:7      | Noticed an oklob plant
  6879 | D:7      | Noticed a troll
  7177 | D:7      | Found a runed translucent door.
  7252 | D:7      | Found a transporter.
  7255 | D:7      | Found a transporter.
  7301 | D:7      | Reached skill level 11 in Staves
  7445 | D:8      | Noticed a centaur warrior
  7445 | D:8      | Noticed a rakshasa
  7445 | D:8      | Noticed a manticore
  7445 | D:8      | Noticed a tengu warrior
  7446 | D:8      | Noticed a centaur warrior
  7446 | D:8      | Noticed a cyclops
  7446 | D:8      | Noticed a boulder beetle
  7446 | D:8      | Noticed a boulder beetle
  7446 | D:8      | Noticed a brown ugly thing
  7455 | D:8      | Noticed a cyclops
  7456 | D:8      | Noticed a gargoyle
  7518 | D:8      | Found a hide-covered altar of Uskayaw.
  8104 | D:8      | Slain by a wyvern

Illustrated notes

Levels and vault maps discovered:
D:1:      eino_arrival_tree_alley, layout_basic, serial_shops,
          nicolae_shop_stone, shop, shop, chequers_serial_rivers_small_b,
          hangedman_decor_clover_reticule
D:2:      layout_basic, shapermc_ecumenical_altar_hornbeckon, kennysheep_boxes,
          uniq_sigmund
D:3:      layout_rooms, mainiacjoe_overflow_boulevard,
          chequers_temple_overflow_statue_of_worship, serial_shops,
          nicolae_shop_bloodbath_and_beyond, grunt_ministairs_4,
          minmay_quantized
D:4:      layout_loops_ring, tgw_xom, minmay_temple_entry_trees, serial_shops,
          nicolae_shop_overgrown_old_shop, shop,
          nicolae_shop_competitors_out_of_business, minmay_ruptured
D:5:      layout_cave_pools, uniq_duvessa
D:6:      layout_rooms, grunt_temple_overflow_open
D:7:      layout_rooms, nzn_ghost_randoct, minmay_misc_feat_room,
          lightli_church_of_beogh
D:8:      layout_loops_ring, nicolae_overflow_hidden_temple, special_room
          [special_room_orc], serial_shops, nicolae_lakefront_shop, minivault_12
Temple:   nicolae_temple_x_marks_the_god

Skill      XL: |  1  2  3  4  5  6  7  8  9 |
---------------+----------------------------+-----
Fighting       | 3 4 5 |  5.0
Staves         | 5 6 7 9 11 | 11.6
Throwing       | |  2.0
Dodging        | |  3.0

Action                   |  1- 3 |  4- 6 |  7- 9 || total
-------------------------+-------+-------+-------++-------
Melee: Quarterstaff      |    73 |   120 |   349 ||   542
Throw: Throwing net      |       |     3 |     3 ||     6
Evoke: Wand              |       |       |    25 ||    25
  Use: Scroll            |       |     7 |     7 ||    14
       Potion            |       |     1 |     7 ||     8
 Stab: Held in net/web   |       |     2 |     2 ||     4
       Invisible         |       |       |     4 ||     4
Armor: Leather armour    |    20 |    32 |    83 ||   135
Dodge: Dodged            |    40 |    78 |   173 ||   291

Table legend: (Time is in decaauts)
 A = Elapsed time spent in this place.
 B = Non-inter-level travel time spent in this place.
 C = Inter-level travel time spent in this place.
 D = Time resting spent in this place.
 E = Time spent auto-exploring this place.
 F = Levels seen in this place.
 G = Mean time per level.
                   A        B        C        D        E       F      G
               +--------+--------+--------+--------+--------+-----+--------+
         Total |   8054 |   7724 |    330 |   2052 |   4033 |   9 |  894.9 |
       Dungeon |   8039 |   7715 |    324 |   2052 |   4033 |   8 | 1004.9 |
        Temple |     14 |      8 |      6 |      0 |      0 |   1 |   14.0 |
               +--------+--------+--------+--------+--------+-----+--------+

Top non-repeatable levels by time:
     D:2: 1597 daAuts
     D:4: 1501 daAuts
     D:5: 1175 daAuts
     D:1: 836 daAuts
     D:7: 800 daAuts
     D:6: 784 daAuts
     D:3: 704 daAuts
     D:8: 638 daAuts
  Temple: 14 daAuts
